 Dungeon Crawl Stone Soup version 0.24-a0-59-gc4a3eeb (webtiles) character file.

Game seed: 15508752854023591011

11050 Dantiko the Basher (level 11, -7/107 HPs)
             Began as a Troll Gladiator on Feb 5, 2019.
             Was a Priest of the Shining One.
             Killed from afar by a swamp worm (9 damage)
             ... with a harpoon shot
             ... on level 2 of the Lair of Beasts.
             The game lasted 00:48:12 (10052 turns).

Dantiko the Basher (Troll Gladiator)               Turns: 10052, Time: 00:48:12

Health: -7/107     AC: 10    Str: 24    XL:     11   Next: 44%
Magic:  13/13      EV: 12    Int:  4    God:    the Shining One [***...]
Gold:   610        SH:  5    Dex: 14    Spells: 10/10 levels left

rFire    . . .     SeeInvis .   a - +3 morningstar
rCold    . . .     Gourm    +   (no shield)
rNeg     + . .     Faith    .   v - +0 robe
rPois    .         Spirit   .   o - +1 hat
rElec    .         Reflect  +   L - +0 cloak {MR+}
rCorr    .         Harm     .   (gloves unavailable)
MR       ++...                  (boots unavailable)
Stlth    +.........             M - +5 amulet of reflection
HPRegen  0.67/turn              g - +2 ring of protection
MPRegen  0.13/turn              O - ring of protection from magic

@: glowing
A: large, unfitting armour, claws 3, fast metabolism 3, gourmand, regeneration
1, shaggy fur 1, tough skin 3
a: Divine Shield, Renounce Religion


You were on level 2 of the Lair of Beasts.
You worshipped the Shining One.
The Shining One was most pleased with you.
You were not hungry.

You visited 3 branches of the dungeon, and saw 13 of its levels.
You also visited: Sewer.

You collected 720 gold pieces.
You spent 110 gold pieces at shops.

Inventory:

Hand Weapons
 a - a +3 morningstar (weapon)
 b - a +0 blowgun
 y - a +0 giant club
 G - a +0 giant spiked club
Missiles
 c - 5 javelins
 d - 3 throwing nets
 q - 402 stones (quivered)
 s - 78 poisoned needles
 D - 6 needles of paralysis
 E - 5 curare-tipped needles
 T - 3 tomahawks
Armour
 o - a +1 hat (worn)
 v - a +0 robe (worn)
 L - a +0 cloak of magic resistance (worn)
Jewellery
 g - a +2 ring of protection (left claw)
 x - an uncursed ring of resist corrosion {unknown}
 M - a +5 amulet of reflection (around neck)
 O - a ring of protection from magic (right claw)
Wands
 n - a wand of scattershot (3)
 z - a wand of polymorph (6)
 B - a wand of disintegration (6)
 K - a wand of flame (29)
 N - a wand of paralysis (8)
 U - a wand of iceblast (6)
Scrolls
 h - 8 scrolls of identify
 i - 6 scrolls of amnesia {unknown}
 j - a scroll of blinking {unknown}
 k - 4 scrolls of immolation {unknown}
 p - 7 scrolls of teleportation {unknown}
 r - 2 scrolls of fear {unknown}
 t - a scroll of fog {unknown}
 u - a scroll of enchant armour {unknown}
 H - 2 scrolls of vulnerability {unknown}
 I - a scroll of magic mapping {unknown}
 Q - a scroll of random uselessness {unknown}
 R - a scroll of remove curse {unknown}
Potions
 e - 3 potions of lignification
 l - 2 potions of brilliance {unknown}
 m - 6 potions of curing
 w - 4 potions of degeneration
 A - 2 potions of agility {unknown}
 C - a potion of cancellation {unknown}
 F - 2 potions of berserk rage {unknown}
 J - a potion of haste {unknown}
 P - a potion of might {unknown}
 S - a potion of flight
Comestibles
 f - 27 rations


   Skills:
 - Level 6.7 Fighting
 * Level 13.2 Maces & Flails
 - Level 1.7 Throwing
 - Level 5.1 Dodging
 - Level 4.8 Invocations


You had 10 spell levels left.
You didn't know any spells.
Your spell library contained the following spells:

 Spells                   Type           Power        Failure   Level  Hunger
 Confusing Touch          Hex            #.....       50%         1    ##.....
 Shock                    Conj/Air       #...         50%         1    ##.....
 Swiftness                Chrm/Air       #.......     65%         2    ###....
 Confuse                  Hex            #.......     86%         3    ####...
 Gell's Gravitas          Tloc           #.........   86%         3    ####...
 Static Discharge         Conj/Air       #.......     86%         3    ####...
 Airstrike                Air            #.........   99%         4    #####..
 Petrify                  Tmut/Erth      #.......     99%         4    #####..
 Irradiate                Conj/Tmut      #.........   100%        5    ######.
 Lightning Bolt           Conj/Air       #.........   100%        5    ######.
 Metabolic Englaciation   Hex/Ice        #.........   100%        5    ######.
 Yara's Violent Unravell  Hex/Tmut       #.........   100%        5    ######.
 Hydra Form               Tmut           #.........   100%        6    #######
 Statue Form              Tmut/Erth      #........    100%        6    #######
 Dragon Form              Tmut           #.........   100%        7    #######


Dungeon Overview and Level Annotations

Branches:
Dungeon (10/15)            Temple (1/1) D:6            Lair (2/6) D:9
  Swamp (0/4) Lair:2          Orc (0/2) D:9
  Snake: Lair:2-4    Spider: Lair:2-4

Altars:
Ashenzari
Cheibriados
Dithmenos
Elyvilon
Fedhas
Gozag
Hepliaklqana
Kikubaaqudgha
Makhleb
Nemelex Xobeh
Okawaru
Qazlal
Ru
Sif Muna
Trog
Uskayaw
Vehumet
Wu Jian
Xom
Yredelemnul
Zin
The Shining One

Shops:
D:9 !


Innate Abilities, Weirdness & Mutations

You are too large for most types of armour.
You have claws for hands.
Your metabolism is lightning-fast.
You like to eat raw meat.
Your natural rate of healing is unusually fast.
You are covered in fur. (AC +1)
You have extremely tough skin. (AC +3)


Message History

The swamp worm throws harpoon shot at you.
The harpoon shot hits you but does no damage.
The swamp worm throws harpoon shot at you.
The harpoon shot reflects off an invisible shield around you!
The harpoon shot hits the swamp worm!
The swamp worm throws harpoon shot at you.
The harpoon shot misses you.
The harpoon shot hits the fungus.
The swamp worm throws harpoon shot at you.
The harpoon shot hits you!
* * * LOW HITPOINT WARNING * * *
You are yanked forward by the harpoon shot.
The swamp worm misses you.
The swamp worm throws harpoon shot at you.
The harpoon shot hits you!!
* * * LOW HITPOINT WARNING * * *
You are yanked forward by the harpoon shot.
The swamp worm bites you but does no damage.
The swamp worm throws harpoon shot at you.
The harpoon shot hits you!
You die...

##.#.##......♣♣♣§§♣
#..####......♣
§§§≈♣ #..#
#.##..P.♣ §§§♣♣
##.######....♣≈§§§≈
#...# #####♣♣§♣≈♣♣
#.ww# ♣♣ ♣♣ ##w##
#.## #@w# #.###
##.#.### #......#
##PP..P# ####.##
#<## ##.P#
#..#######P##.


You could see a tyrant leech and 3 swamp worms.

Vanquished Creatures
  The ghost of Vuczepn the Cleaver, a journeyman DrBe of Trog (Lair:1)
  Erolcha (D:10)
  A two-headed ogre (D:9)
  A black mamba (Lair:1)
  A spiny frog (Lair:1)
  2 komodo dragons
  5 blink frogs (Lair:1)
  A hippogriff (Lair:1)
  6 yaks
  3 hogs (D:7)
  A human (D:7)
  A swamp worm (Lair:2)
  3 water moccasins
  3 porcupines
  A sky beast (D:8)
  2 orc warriors
  2 black bears
  2 ice beasts (D:9)
  7 wolves
  A centaur (D:6)
  2 phantoms
  3 crocodiles
  5 ogres
  3 big kobolds
  3 bullfrogs
  A gnoll sergeant (D:8)
  2 wyvern skeletons
  A scorpion (D:4)
  11 wights
  2 electric eels (D:9)
  A bullfrog zombie (D:9)
  4 howler monkeys
  3 crimson imps
  A centaur zombie (D:10)
  3 jellies
  An orc priest (D:10)
  2 bullfrog skeletons
  4 orc wizards
  2 centaur skeletons
  3 hounds
  3 iguanas
  Natasha (thrice) (D:4)
  4 worker ants
  2 worker ant zombies
  12 gnolls
  A howler monkey skeleton (D:4)
  10 adders
  2 shadow imps
  2 oozes (D:5)
  2 worms
  6 leopard geckos
  19 orcs
  2 ball pythons
  15 bats
  6 giant cockroaches
  7 hobgoblins
  15 jackals
  4 quokkas
  6 frilled lizards
  9 goblins
  15 kobolds
  A leopard gecko zombie (D:7)
  A quokka skeleton (D:4)
  11 rats
260 creatures vanquished.

Notes
Turn   | Place    | Note
-------+----------+-------------------------------------------
     0 | D:1      | Dantiko the Troll Gladiator began the quest for the Orb.
     0 | D:1      | Reached XP level 1. HP: 19/19 MP: 0/0
    80 | D:1      | Reached skill level 3 in Maces & Flails
   256 | D:1      | Reached XP level 2. HP: 24/27 MP: 1/1
   726 | D:2      | Noticed a +0 hand axe
   728 | D:2      | Noticed a +0 hand axe
   734 | D:2      | Found a hide-covered altar of Uskayaw.
   741 | D:2      | Reached XP level 3. HP: 28/33 MP: 2/2
   746 | D:2      | Reached skill level 4 in Maces & Flails
   921 | D:2      | Reached XP level 4. HP: 37/41 MP: 3/3
   938 | D:2      | Found a burning altar of Makhleb.
  1262 | D:3      | Reached skill level 5 in Maces & Flails
  1625 | D:3      | Reached XP level 5. HP: 48/48 MP: 4/4
  1726 | D:3      | Found a sparkling altar of Nemelex Xobeh.
  1973 | D:4      | Noticed an ogre
  2001 | D:4      | Reached skill level 6 in Maces & Flails
  2001 | D:4      | Reached XP level 6. HP: 44/55 MP: 5/5
  2100 | D:4      | Noticed Natasha
  2107 | D:4      | Killed Natasha
  2136 | D:4      | Noticed Natasha
  2259 | D:4      | Killed Natasha
  2886 | D:4      | Noticed Natasha
  2928 | D:4      | Killed Natasha
  3071 | D:5      | Entered Level 5 of the Dungeon
  3082 | D:5      | Found a white marble altar of Elyvilon.
  3104 | D:5      | Became a worshipper of Elyvilon the Healer
  3150 | D:5      | Reached XP level 7. HP: 52/68 MP: 6/6
  3715 | D:5      | Reached * piety under Elyvilon
  3856 | D:6      | Found a glowing drain.
  3906 | Sewer    | Entered a sewer
  4025 | D:6      | Reached skill level 7 in Maces & Flails
  4053 | D:6      | Found a staircase to the Ecumenical Temple.
  4072 | Temple   | Entered the Ecumenical Temple
  4165 | Temple   | Fell from the grace of Elyvilon
  4165 | Temple   | Became a worshipper of the Shining One
  4274 | D:6      | Reached XP level 8. HP: 46/79 MP: 7/7
  4523 | D:6      | Reached skill level 8 in Maces & Flails
  4998 | D:7      | Reached skill level 9 in Maces & Flails
  5174 | D:7      | Reached skill level 10 in Maces & Flails
  5174 | D:7      | Reached XP level 9. HP: 80/85 MP: 8/8
  5740 | D:8      | Reached * piety under the Shining One
  6054 | D:8      | Found a sacrificial altar of Ru.
  6317 | D:8      | Reached skill level 11 in Maces & Flails
  6496 | D:9      | Noticed a two-headed ogre
  6505 | D:10     | Entered Level 10 of the Dungeon
  6704 | D:10     | Noticed Erolcha
  6711 | D:10     | The Shining One protects you from harm!
  6712 | D:10     | Killed Erolcha
  6712 | D:10     | Reached skill level 12 in Maces & Flails
  6866 | D:10     | Reached XP level 10. HP: 94/94 MP: 9/9
  6991 | D:10     | Reached ** piety under the Shining One
  7266 | D:10     | Noticed a two-headed ogre
  7700 | D:9      | Reached skill level 5 in Dodging
  7802 | D:9      | Reached *** piety under the Shining One
  7851 | D:9      | Reached skill level 5 in Fighting
  7904 | D:9      | Found a staircase to the Lair.
  7934 | D:9      | Found a staircase to the Orcish Mines.
  7985 | D:9      | Found Repuescho's Distillery.
  8025 | D:9      | Bought a potion of flight for 33 gold pieces
  8025 | D:9      | Bought a potion of degeneration for 11 gold pieces
  8025 | D:9      | Bought a potion of lignification for 33 gold pieces
  8025 | D:9      | Bought a potion of curing for 33 gold pieces
  8211 | D:9      | Reached skill level 1 in Invocations
  8511 | D:9      | Found a bloodstained altar of Trog.
  8628 | D:9      | Killed a two-headed ogre
  8719 | Lair:1   | Entered Level 1 of the Lair of Beasts
  8755 | D:9      | HP: 6/147 [wolf (4)]
  8760 | D:9      | HP: 6/147 [gnoll/+0 morningstar (2)]
  8948 | Lair:1   | Reached XP level 11. HP: 102/105 MP: 13/13
  9453 | Lair:1   | Found a large runed translucent door.
  9453 | Lair:1   | Found a large runed translucent door.
  9858 | Lair:1   | Noticed Vuczepn's ghost (journeyman DrBe)
  9880 | Lair:1   | Killed Vuczepn's ghost
  9880 | Lair:1   | Reached skill level 13 in Maces & Flails
 10015 | Lair:2   | Found a staircase to the Swamp.
 10051 | Lair:2   | HP: 1/107 [swamp worm/harpoon shot (23)]
 10052 | Lair:2   | Killed from afar by a swamp worm

Vault maps used:
D:1:      scummos_arrival_star, minmay_tree_intersection
D:2:      dancing_weapons_uskayaw, makhleb_grotto_becter, feat_on_display
D:3:      nemelex_xobeh_ov_fountains_minmay
D:4:      minmay_bisected, uniq_natasha
D:5:      elyvilon_altar_5, first_ration, chequers_arboretum
D:6:      minmay_temple_entry_purple_smoke, cheibrodos_sewer_entry_drain,
          kennysheep_potato
D:7:      grunt_livestock
D:8:      nicolae_ru_awakened_eye
D:9:      lemuel_crystal_altar, erik_lair_island, serial_shops, shop
D:10:     uniq_erolcha
Temple:   minmay_crystal_spiral_temple
Lair:1:   ebering_ghost_disaster_area, st_stairs_5
Lair:2:   minmay_swamp_entry_worms, guppyfry_lair_drakes, uniq_gastronok
Sewer:    sewer_big_baddie

Skill      XL: |  1  2  3  4  5  6  7  8  9 10 11 |
---------------+----------------------------------+-----
Maces & Flails | 3 4 5 6 7 10 12 13 | 13.2
Fighting       | 3 4 6 |  6.7
Dodging        | 5 |  5.1
Invocations    | 4 |  4.8
Throwing       | |  1.7

Action                   |  1- 3 |  4- 6 |  7- 9 | 10-12 || total
-------------------------+-------+-------+-------+-------++-------
Melee: Flail             |   120 |   207 |   152 |       ||   479
       Unarmed           |       |    16 |       |       ||    16
       Morningstar       |       |       |   163 |   295 ||   458
Throw: Stone             |       |    29 |    13 |       ||    42
Invok: Divine Shield     |       |       |       |     2 ||     2
  Use: Potion            |       |       |       |     1 ||     1
       Scroll            |       |       |       |     1 ||     1
 Stab: Sleeping          |     2 |       |       |       ||     2
  Eat: Chunk             |    14 |    19 |    36 |    21 ||    90
       Ration            |       |       |       |     1 ||     1
Armor: Robe              |    57 |    97 |   161 |    92 ||   407
       Skin              |       |       |       |    35 ||    35
Dodge: Dodged            |    90 |   133 |   177 |   200 ||   600
Block: Other             |       |       |     3 |   103 ||   106
       Reflection        |       |       |       |     3 ||     3

Table legend:
 A = Non-vault XP
 B = Vault XP
 C = Vault XP percentage of total XP
 D = Non-vault monster count
 E = Vault monster count
 F = Vault count percentage of total count
                 A         B        C        D         E       F
            +---------+---------+-------+---------+---------+-------
      Total |   11854 |    3932 |  24.9 |     234 |      26 |  10.0
            +---------+---------+-------+---------+---------+-------
        D:1 |      29 |       0 |   0.0 |      18 |       0 |   0.0
        D:2 |      73 |      48 |  39.7 |      29 |       1 |   3.3
        D:3 |      64 |       0 |   0.0 |      26 |       0 |   0.0
        D:4 |     357 |     144 |  28.7 |      18 |       3 |  14.3
        D:5 |     153 |       0 |   0.0 |      10 |       0 |   0.0
        D:6 |     677 |     127 |  15.8 |      13 |       4 |  23.5
        D:7 |     267 |     953 |  78.1 |      11 |       5 |  31.2
        D:8 |    1159 |     273 |  19.1 |      32 |       3 |   8.6
        D:9 |    3409 |      43 |   1.2 |      34 |       1 |   2.9
       D:10 |    1613 |    1012 |  38.6 |      24 |       1 |   4.0
     Lair:1 |    3908 |    1043 |  21.1 |      18 |       1 |   5.3
     Lair:2 |     145 |     173 |  54.4 |       1 |       1 |  50.0
      Sewer |       0 |     116 | 100.0 |       0 |       6 | 100.0
            +---------+---------+-------+---------+---------+-------
